Cogmind - Beta 16 @@@ ROGUE MODE // 2025.10.26 @ 11:34:07 Player: Mxykikker Result: Destroyed by QJ-IAN(R) with Subdweller Beam Cannon Performance ------------- Evolutions (0) 0 Regions Visited (2) 400 Robots Destroyed (11) 55 Value Destroyed (262) 262 Prototype IDs (0) 0 Alien Tech Used (0) 0 Bonus (0) 0 TOTAL SCORE: 717 Bonus ------- None Cogmind --------- Core Integrity 0/250 Matter 254/300 Energy 196/200 System Corruption 0% Temperature Hot (268) Movement Rolling (110) Location -10/Subcaves Parts ------- > --- POWER (1) -------- Subdweller Power Source > --- PROPULSION (2) --- Subdweller Monowheel Subdweller Monowheel > --- UTILITY (2) ------ Large Storage Unit > --- WEAPON (2) ------- Subdweller Laser Subdweller Machine Gun > --- INVENTORY (15) --- Ion Engine Wheel Subdweller Monowheel Subdweller Optics Sensor Array Signal Interpreter Subdweller Laser Grenade Launcher Mining Laser Peak State ------------ > --- POWER ------------ Subdweller Power Source > --- PROPULSION ------- Subdweller Monowheel Subdweller Monowheel > --- UTILITY ---------- Large Storage Unit > --- WEAPON ----------- Battle Cannon Battle Cannon > --- INVENTORY -------- Wheel Subdweller Monowheel Subdweller Monowheel Sensor Array Signal Interpreter Medium Laser Medium Laser Subdweller Laser Light Cannon Grenade Launcher Mining Laser [Rating: 12] Favorites ----------- Power Ion Engine Engine Ion Engine Propulsion Wheel Wheel Wheel Utility Large Storage Unit Device Seismic Detector Storage Large Storage Unit Weapon Battle Cannon Energy Gun Medium Laser Ballistic Gun Subdweller Machine Gun Ballistic Cannon Battle Cannon Launcher Grenade Launcher Special Weapon Mining Laser Build | -11 -10 -10 ------- Run | Yrd Mat Sub Slots Evolved . | . . . Power . | . . . Propulsion . | . . . Utility . | . . . Weapon . | . . . Parts Attached 21 | 7 3 11 Power 3 | 1 . 2 Engine 3 | 1 . 2 Core . | . . . Reactor . | . . . Propulsion 6 | 2 . 4 Treads . | . . . Leg . | . . . Wheel 6 | 2 . 4 Hover . | . . . Flight . | . . . Utility 3 | 2 1 . Device 1 | 1 . . Storage 2 | 1 1 . Processor . | . . . Hackware . | . . . Protection . | . . . Artifact . | . . . Weapon 9 | 2 2 5 Energy Gun 3 | 2 . 1 Energy Cannon . | . . . Ballistic Gun 1 | . . 1 Ballistic Cannon 3 | . 1 2 Launcher 1 | . . 1 Special Weapon 1 | . 1 . Impact Weapon . | . . . Slashing Weapon . | . . . Piercing Weapon . | . . . Special Melee Weapon . | . . . Unidentified Prototypes . | . . . Parts Lost 7 | . . 7 Power 2 | . . 2 Propulsion 1 | . . 1 Utility 1 | . . 1 Weapon 3 | . . 3 Highest Loss Streak 2 | . . 2 To Critical Strikes . | . . . Average Backups 8 | . 3 9 Power . | . . 1 Propulsion 1 | . . 1 Utility 2 | . 1 2 Weapon 4 | . 2 4 Tool/Special . | . . . Unused Backups 5 | . . 5 Power 1 | . . 1 Propulsion . | . . . Utility 3 | . . 3 Weapon 1 | . . 1 Tool/Special . | . . . Average Slot Usage (%) 93 | . 100 92 Engine 13 | . 14 13 Wheel 27 | . 28 27 Device 8 | . 14 7 Storage 14 | . 14 14 Energy Gun 1 | . 19 . Ballistic Cannon 26 | . 7 27 Peak Build Rating 12 | 7 7 12 Average Rating 9 | 5 7 10 On Entrance 4 | . 7 7 Avg Prop Armor Cover (%) . | . . . Naked Turns . | . . . Heaviest Build 34 | 15 31 34 Greatest Support 40 | 20 20 40 Greatest Overweight (x) 1 | . 1 1 Average Overweight (x) . | . . . Largest Inventory Capacity 15 | 8 15 15 Average Capacity 14 | 7 10 15 Most Carried 11 | 1 6 11 Average Carried 8 | . 3 9 Final Capacity 15 | 8 15 15 Final Carried 9 | 1 5 9 Class Distribution -------------------- 100% | Mutant Dominant Class ---------------- Mutant | -10/Materials Mutant | -10/Subcaves Resources | -11 -10 -10 ----------- Run | Yrd Mat Sub Matter Collected 655 | 270 . 385 Remotely . | . . . Salvage Created 263 | 115 . 148 Parts 18 | 5 . 13 Haulers Intercepted . | . . . Recyclers Shooed . | . . . Parts Field Recycled . | . . . Retrieved Matter . | . . . Parts Self-Destructed 17 | . . 17 Prevented . | . . . Parts Restored . | . . . Kills | -11 -10 -10 ------- Run | Yrd Mat Sub Combat Hostiles Destroyed 9 | . . 9 Cannons 5 | . . 5 AOE 4 | . . 4 Classes Destroyed 6 | 2 . 4 Tunneler 1 | 1 . . Recycler 1 | 1 . . Swarmer 4 | . . 4 Grunt 1 | . . 1 Sentry 1 | . . 1 Subdweller 3 | . . 3 Best Kill Streak 4 | 1 . 4 Combat Bots Only 4 | . . 4 Max Kills in Single Turn 2 | 1 . 2 Gunslinging . | . . . Exploded 2 | . . 2 Melee . | . . . Uniques/NPCs Destroyed . | . . . Combat | -11 -10 -10 -------- Run | Yrd Mat Sub Hostile Shots Fired 73 | . . 73 Missed 24 | . . 24 Hits 49 | . . 49 Projectile 49 | . . 49 Critical Strikes 1 | . . 1 Damage Taken 939 | . . 939 Core 250 | . . 250 Absorbed by Shields . | . . . Core Remaining (%) 100 | 100 . . Volleys Fired 40 | 9 2 29 Largest 2 | 2 2 2 Hottest 100 | 100 100 90 Shots Fired 71 | 18 3 50 Gun 24 | 18 2 4 Cannon 42 | . . 42 Launcher 4 | . . 4 Special 1 | . 1 . Kinetic 44 | . . 44 Thermal 23 | 18 3 2 Explosive 4 | . . 4 Electromagnetic . | . . . Robot Hit Streak 10 | 7 . 10 Robot Miss Streak 4 | 1 . 4 Penetration Max . | . . . Secondary Targets . | . . . Shots Hit Robots 39 | 10 . 29 Core Hits 14 | 3 . 11 Critical Kills . | . . . Critical Parts Destroyed . | . . . Critical Strikes 5 | 3 . 2 Burn 3 | 3 . . Blast 2 | . . 2 Melee Attacks . | . . . Impact . | . . . Slashing . | . . . Piercing . | . . . Sneak Attacks . | . . . Combat Hostiles . | . . . Follow-up Attacks . | . . . Damage Inflicted 879 | 126 . 753 Guns 173 | 126 . 47 Cannons 511 | . . 511 Explosions 195 | . . 195 Melee . | . . . Ramming . | . . . Kinetic 536 | . . 536 Thermal 148 | 126 . 22 Explosive 195 | . . 195 Electromagnetic . | . . . Impact . | . . . Slashing . | . . . Piercing . | . . . Highest Corruption . | . . . Average Corruption . | . . . Corruption Purged . | . . . Corruption Blocked . | . . . Overload Shots . | . . . Overflow Damage 12 | . . 12 Projectiles 12 | . . 12 Explosions . | . . . Melee . | . . . Knockbacks 4 | . . 4 Impact . | . . . Kinetic 4 | . . 4 Secondary . | . . . Self-Inflicted Damage 7 | . . 7 Shots 1 | . . 1 Rammed . | . . . Targets Rammed . | . . . Kicked . | . . . Crushed . | . . . Highest Temperature 351 | 351 39 269 Average Temperature 157 | 177 18 264 Received Heat Transfer 480 | . . 480 Siege Activations . | . . . Martial Activations . | . . . Shielding Activations . | . . . Robots Disrupted . | . . . Combat Hostiles . | . . . Robots Corrupted . | . . . Combat Hostiles . | . . . Parts Fried . | . . . Impact Corruptions . | . . . Robots Melted . | . . . Combat Hostiles . | . . . Parts Melted 2 | 2 . . Heat Transferred 617 | 592 . 25 Parts Sabotaged . | . . . Parts Stolen . | . . . Parts Stripped . | . . . Power Chain Reactions . | . . . Alert | -11 -10 -10 ------- Run | Yrd Mat Sub Maximum Alert Level . | . . . Low Security (%) 100 | 100 100 . Level 1 . | . . . Level 2 . | . . . Level 3 . | . . . Level 4 . | . . . Level 5 . | . . . High Security . | . . . Max Security . | . . . Peak Influence 30 | 5 30 . Initial . | . . . Average 1 | . 2 . Influence Increases 220 | 10 45 165 Destroy 0b10 Robot/C 120 | . . 120 Destroy 0b10 Robot/NC 10 | 10 . . Disable Machine 15 | . 15 . Lose Combat Pursuer 75 | . 30 45 Influence Decreases 220 | 10 15 195 Entered New Map 15 | . . 15 Time Decay 195 | 10 15 170 Lost Part 10 | . . 10 Squads Dispatched 2 | . 2 . Investigation . | . . . Extermination . | . . . Reinforcement 2 | . 2 . Assault . | . . . Garrison . | . . . Intercept . | . . . Searches Triggered . | . . . Construction Impeded . | . . . Haulers Reinforced . | . . . Active Scanning Responses . | . . . Cargo Convoy Interrupts . | . . . Stealth | -11 -10 -10 --------- Run | Yrd Mat Sub Distress Signals 1 | . 1 . Communications Jammed . | . . . Distress Signals . | . . . Times Spotted 13 | . . 13 Peak Tracking Total 6 | . 3 6 Tactical Retreats 3 | . 1 2 Traps | -11 -10 -10 ------- Run | Yrd Mat Sub Traps Triggered 3 | . . 3 Indirectly . | . . . Trap Hack Attempts . | . . . Triggered . | . . . Disarmed . | . . . Reprogrammed . | . . . Reused . | . . . Traps Extracted . | . . . Installed . | . . . Triggered . | . . . Machines | -11 -10 -10 ---------- Run | Yrd Mat Sub Machines Disabled 1 | . 1 . Max in Single Turn 1 | . 1 . Machines Repaired . | . . . Machines Dismantled . | . . . Machines Sabotaged . | . . . Overloaded Fab Kills . | . . . Hacking | -11 -10 -10 --------- Run | Yrd Mat Sub Machines Accessed 1 | . 1 . Terminals 1 | . 1 . Fabricators . | . . . Repair Stations . | . . . Recycling Units . | . . . Scanalyzers . | . . . Garrison Access . | . . . Total Hacks 4 | . 4 . Successful . | . . . Failed 4 | . 4 . Catastrophic 1 | . 1 . Database Lockouts . | . . . Manual 4 | . 4 . Terminals 4 | . 4 . Fabricators . | . . . Repair Stations . | . . . Recycling Units . | . . . Scanalyzers . | . . . Garrison Access . | . . . Terminal Hacks . | . . . Fabricator Hacks . | . . . Repair Station Hacks . | . . . Recycling Unit Hacks . | . . . Scanalyzer . | . . . Garrison Access Hacks . | . . . Unauthorized Hacks . | . . . Terminals . | . . . Fabricators . | . . . Repair Stations . | . . . Recycling Units . | . . . Scanalyzers . | . . . Garrison Access . | . . . Data Cores Recovered . | . . . Used . | . . . Hacking Detections 1 | . 1 . Full Trace Events 1 | . 1 . Feedback Events . | . . . Feedback Blocked . | . . . Robot Schematics Acquired . | . . . Robots Built . | . . . Authchips . | . . . Time . | . . . Total Robot Build Rating . | . . . Part Schematics Acquired . | . . . Parts Built . | . . . Authchips . | . . . Time . | . . . Total Part Build Rating . | . . . Part Studies Acquired . | . . . Parts Repaired . | . . . Time . | . . . Parts Recycled . | . . . Recycled Matter . | . . . Retrieved Matter . | . . . Retrieved Components . | . . . Parts Scanalyzed . | . . . Part Schematics Acquired . | . . . Parts Damaged . | . . . Bothacking | -11 -10 -10 ------------ Run | Yrd Mat Sub Used RIF Installer . | . . . Robots Hacked . | . . . Non-combat . | . . . Combat . | . . . Robot Hacks Applied . | . . . Relay Couplers Released . | . . . Fabnet Peak Effective % . | . . . Robots Rewired . | . . . Allies Hacked . | . . . Hacks Repelled . | . . . Allies | -11 -10 -10 -------- Run | Yrd Mat Sub Total Allies . | . . . Largest Group . | . . . Highest-Rated Group . | . . . Highest-Rated Ally . | . . . Total Orders . | . . . Ally Attacks . | . . . Total Damage . | . . . Kills . | . . . Allies Corrupted . | . . . Allies Melted . | . . . Intel | -11 -10 -10 ------- Run | Yrd Mat Sub Active Infowar (turns) 886 | 26 104 756 Seismic 886 | 26 104 756 Robot Analysis Total . | . . . Derelict Logs Recovered 1 | . . 1 Drone Launches . | . . . Drone Recoveries . | . . . Exploration | -11 -10 -10 ------------- Run | Yrd Mat Sub Turns Passed 1593 | 93 104 1396 Spaces Moved 1428 | 70 102 1256 Core 4 | 4 . . Treads . | . . . Legs . | . . . Wheels 1424 | 66 102 1256 Hover . | . . . Flight . | . . . Fastest Speed 50 | 50 80 95 Average Speed 99 | 78 86 102 Slowest Speed 120 | 80 95 120 Overloaded Moves . | . . . Propulsion Burnouts . | . . . Robots Hopped . | . . . Potential Cave-ins . | . . . Cave-ins Triggered . | . . . Exploration Rate (%) 30 | 4 19 69 Regions Visited 2 Branch Regions 1 Pre-discovered Areas . | . . . Known Exits Taken . | . . . Unknown Exits Taken 2 | 1 1 . Scrap Searched . | . . . Spaces Dug . | . . . Terrain Destroyed 26 | . . 26 Melee . | . . . Projectile 1 | . . 1 AOE 25 | . . 25 Terrain Rammed . | . . . Walls Destroyed . | . . . Machines Disabled . | . . . Actions | -11 -10 -10 --------- Run | Yrd Mat Sub Total 1515 | 86 111 1318 Wait . | . . . Move 1426 | 69 101 1256 Hop . | . . . Pick Up 13 | 1 4 8 Fast Attach 7 | 7 . . Attach 8 | . . 8 Detach 2 | . . 2 Swap 14 | . 3 11 Drop 5 | . 1 4 Fire 40 | 9 2 29 Melee . | . . . Ram . | . . . Kick . | . . . Crush . | . . . Escape Stasis . | . . . Rewire . | . . . Trap . | . . . Miscellaneous . | . . . Route ------- -11/Scrapyard -10/Materials (discovered 3 exits: [*Min x2] / [*Sub]) -10/Subcaves (discovered 2 exits: [*Mat] / [*Scr]) History --------- Turn | Location | Event 15 | -11/Scrapyard | Discovered new exit (range 15) 94 | -11/Scrapyard | Entered Materials 94 | -10/Materials | Discovered new exit (range 7) 95 | -10/Materials | Met a group of wandering Federalists 103 | -10/Materials | Discovered new exit (range 13) 146 | -10/Materials | Discovered new exit (range 10) 198 | -10/Materials | Entered Subcaves 199 | -10/Subcaves | Continued accompanying wandering Federalists (5) 202 | -10/Subcaves | Shifting Twisted Machinery released Battle Cannon 209 | -10/Subcaves | Shifting Twisted Machinery released Sub. Machine Gun 209 | -10/Subcaves | Discovered new exit (range 6) 235 | -10/Subcaves | Learned Materials terminal intel 306 | -10/Subcaves | Build established: Mutant 727 | -10/Subcaves | Shifting Twisted Machinery released Battle Cannon 763 | -10/Subcaves | Shifting Twisted Machinery released Shrapnel Trap 1435 | -10/Subcaves | Core integrity fell below 50% 1593 | -10/Subcaves | Core integrity fell below 20% 1594 | -10/Subcaves | Destroyed by QJ-IAN(R) with Subdweller Beam Cannon Last Messages --------------- 01264_ Dropped Med. Laser. 01266_ Acquired Sub. Laser. 01267_ Subatomizers dissect the Imp. Heat Sink. 01273_ Acquired Sub. Optics. 01279_ Subatomizers dissect the Imp. Heat Sink. 01432_ Triggered Piercing Trap. 01432_ Spikes shoot up from the floor. 01432_ Critical hit (Impale). 01434_ Triggered Shrapnel Trap. 01434_ An expanding cloud of shrapnel blasts out in all directions. 01452_ Triggered Shrapnel Trap. 01452_ An expanding cloud of shrapnel blasts out in all directions. 01452_ Battle Cannon destroyed. 01488_ Acquired Sub. Machine Gun. 01520_ Subatomizers dissect the Aluminum Leg. 01581_ Battle Cannon destroyed. 01583_ Lgt. Cannon destroyed. 01592_ Critical hit (Meltdown: +270). Map ----- +----------------------------------------------------+ | | | | | | | ?????????????????????????????????????????????????? | | ?????????????????????????????????????????????????? | | ?????????????????????????????????????????????????? | | ?????????????????????????????????????????????????? | | ?????????????????????????????????????????????????? | | ?????????????????????????????????????????????????? | | ?????????????????????????????????????????????????? | | ?????????????????????????????????????????????????? | | ?????????????????????????????????????????????????? | | ?????????????????????????????????????????????????? | | ?????????????????????????????????????????????????? | | ?????????????????????????????????????????????????? | | ?????????????????????????????????????????????????? | | ?????????????????????????????????????????????????? | | ???????????????????????????????????####??????????? | | ??????????????????????####???####### ##?????????? | | ##??????????????????### ##??# ## #?????????? | | ##????????????????## #### ##????????? | | #####?#####????### ## ##???????? | | ## ### ##??## ##??????? | | ##?# ######?? | | ### #?? | | " ## @ ####### #?? | | " "#### ### ##?????# ##? | | " ##??##% R ##?## ##??????# ## | | " ""#### ##???###??????# ### | | " """"##"" #### ##?????????????# #?# | | " "" ## #??## ##??????????????# #?## | | """" ## #???#####???????????????## ####??## ## | | ##""""" #????????????????????????###??????####? | | ##"""""" #?????????????????????????????????????? | | ??"""""""" #?????????????????????????????????????? | | ?? """ "" #?????????????????????????????????????? | | ??? ?? #?????????????????????????????????????? | | ????? #?????????????????????????????????????? | | ????? ?? ?????????????????????????????????????? | | ???????? ?????????????????????????????????????? | | ???????? ?????????????????????????????????????? | | ?????????? ??????????????????????????????????????? | | ?????????? ??????????????????????????????????????? | | ?????????????????????????????????????????????????? | | ?????????????????????????????????????????????????? | | ?????????????????????????????????????????????????? | | ?????????????????????????????????????????????????? | | ?????????????????????????????????????????????????? | | ?????????????????????????????????????????????????? | | ?????????????????????????????????????????????????? | +----------------------------------------------------+ Best States ------------- Heat Dissipation 25 Energy Generation 15 Energy Capacity 265 Matter Stores 300 Matter Capacity 300 Sight Range 16 Terrain Scan Density 10 Evasion (%) 44 Item Schematics ----------------- None Robot Schematics ------------------ None Fabricated ------------ Nothing Repaired ---------- Nothing Studied --------- None Alien Tech Used ----------------- None Achievements -------------- None Challenges ------------ None Game ------ Seed CooledRiotSplitter Manual? 0 Play Time 00:16:29 Cumulative 82.6 hours Start 2025.10.26 @ 11:20:35 End 2025.10.26 @ 11:34:07 Sessions 1 Manual Loads 0 Difficulty Rogue Special Mode None Game No. 125 Rogue 125 Adventurer 0 Explorer 0 Win Type - Total 0 Types 0/0/0/0/0/0/0/0/0/0 Lore% 27 Gallery% 31 Achievement% 23 Wizard Run 0 Options --------- Layout 1 ASCII 0 Keyboard 0 Movement Arrows Keybinds 0 Fullscreen 1 Font 24/Smallcaps Map View 50x35 Zoom Use 0% Tactical HUD 1 Map Filters NONE Filters NONE Steam 1 RUN: 2275f673-cb35-4957-928d-e9e2a2f1a6d7